[Event "Catalan Youth Championship 2024"]
[Site "Cambrils"]
[Date "2024.03.24"]
[Round "3.3"]
[White "Kukushkin, Oleg"]
[Black "Saltos Macias, Gael"]
[Result "1-0"]
[ECO "A35"]
[WhiteElo "1509"]
[BlackElo "1630"]
[Annotator "NA RC"]
[PlyCount "151"]
[EventDate "2024.03.13"]
[EventType "swiss"]
[EventCountry "ESP"]
[SourceTitle "playchess.com"]
[Source "ChessBase"]
[SourceQuality "1"]
[TimeControl "5400+30"]

1. c4 c5 2. Nc3 Nc6 3. e3 Nf6 4. b3 g6 5. h4 Bg7 6. Bb2 b6 7. Nf3 Ne4 8. Qc2 Nxc3 9. Bxc3 e5 10. a3 a5 11. g4 Bb7 12. Be2 d6 13. Rh3 Qd7 14. Rg3 Ne7 15. e4 Bc6 16. g5 Qb7 17. Bd3 b5 18. cxb5 Bxb5 19. Rb1 Qa6 20. Bxb5+ Qxb5 21. a4 Qc6 22. d3 h6 23. Qd2 h5 24. Bxa5 d5 25. Rd1 d4 26. Ra1 Qa6 27. Bc7 Nc6 28. Qc2 Kd7 29. Qxc5 Kxc7 30. Rc1 Rhe8 31. b4 Qxa4 32. b5 Qa5+ 33. Kf1 Re6 34. bxc6 Qxc5 35. Rxc5 Rxc6 36. Rxc6+ Kxc6 37. Nd2 Ra2 38. Nc4 Kd7 39. Rf3 Ke6 40. Nb6 Ra1+ 41. Kg2 Rb1 42. Nd5 Rb8 43. Rh3 f6 44. gxf6 Bxf6 45. Rh1 Rf8 46. Kg3 Bg7 47. Rc1 Kd6 48. Rb1 Rc8 49. Rb6+ Rc6 50. Rxc6+ Kxc6 51. Ne7+ Kc5 52. Nxg6 Kb4 53. Kf3 Kc3 54. Ke2 Bf6 55. f4 exf4 56. Nxf4 Bxh4 57. Nxh5 Kc2 58. Nf4 Bf6 59. Kf3 Be5 60. Ng6 Bc7 61. Ke2 Kc3 62. e5 Bxe5 63. Nxe5 Kb4 64. Nf3 Kc5 65. Kd2 Kd5 66. Kc2 Kc5 67. Nxd4 Kxd4 68. Kd2 Ke5 69. Kc3 Kd5 70. d4 Kc6 71. Kc4 Kd6 72. d5 Kc7 73. Kc5 Kd7 74. d6 Kc8 75. Kc6 Kd8 76. d7 1-0

[Event "Catalan Youth Championship 2024"]
[Site "Cambrils"]
[Date "2024.03.24"]
[Round "3.4"]
[White "Garcia Huerta, Joaquin Marc"]
[Black "Diego Morillas, Gerard"]
[Result "1-0"]
[ECO "C02"]
[WhiteElo "1617"]
[BlackElo "1482"]
[Annotator "NA RC"]
[PlyCount "49"]
[EventDate "2024.03.13"]
[EventType "swiss"]
[EventCountry "ESP"]
[SourceTitle "playchess.com"]
[Source "ChessBase"]
[SourceQuality "1"]
[TimeControl "5400+30"]

1. e4 e6 2. d4 d5 3. e5 c5 4. c3 Ne7 5. Nf3 Nec6 6. Bd3 b6 7. O-O Ba6 8. Bxa6 Nxa6 9. Qa4 Nab8 10. Be3 Qd7 11. Qc2 h6 12. Nbd2 Be7 13. Rac1 c4 14. Rfd1 b5 15. b4 Na6 16. a4 Nc7 17. axb5 Nxb5 18. Nf1 a6 19. Ng3 Bf8 20. Nh5 g6 21. Nf6+ Ke7 22. Nxd7 Kxd7 23. Nd2 Bg7 24. Nf1 Ke7 25. Ng3 1-0

[Event "Catalan Youth Championship 2024"]
[Site "Cambrils"]
[Date "2024.03.24"]
[Round "3.5"]
[White "Tallada Serret, Gerard"]
[Black "Calero Ganso, Ruben"]
[Result "1-0"]
[ECO "C67"]
[WhiteElo "2085"]
[BlackElo "1620"]
[Annotator "NA RC"]
[PlyCount "59"]
[EventDate "2024.03.13"]
[EventType "swiss"]
[EventCountry "ESP"]
[SourceTitle "playchess.com"]
[Source "ChessBase"]
[SourceQuality "1"]
[TimeControl "5400+30"]

1. e4 e5 2. Nf3 Nc6 3. Bb5 Nf6 4. O-O Nxe4 5. Bxc6 bxc6 6. Nxe5 Be7 7. Re1 Nf6 8. Qe2 O-O 9. d4 (9. Nxc6 $14 dxc6 10. Qxe7) 9... c5 10. dxc5 Bxc5 11. Qf3 d5 12. Bg5 Re8 13. Nc3 Be6 14. Nd3 (14. Rad1 $14 {deserves consideration.}) 14... Be7 $1 15. Nf4 Qd7 $11 16. Bxf6 Bxf6 17. Nfxd5 Bxd5 18. Nxd5 Bxb2 19. Rab1 Rxe1+ 20. Rxe1 Re8 21. Rd1 Qe6 22. h3 Be5 23. c4 Bd6 24. Ne3 h6 25. Qd5 Bf4 26. Qxe6 Rxe6 27. Nd5 Rd6 28. c5 Rxd5 29. Rxd5 Kf8 30. g3 1-0

[Event "Catalan Youth Championship 2024"]
[Site "Cambrils"]
[Date "2024.03.24"]
[Round "3.6"]
[White "Martinez Ayala, Jan"]
[Black "Bru Montoya, Pau"]
[Result "0-1"]
[ECO "C44"]
[WhiteElo "1647"]
[BlackElo "1850"]
[Annotator "NA RC"]
[PlyCount "76"]
[EventDate "2024.03.13"]
[EventType "swiss"]
[EventCountry "ESP"]
[SourceTitle "playchess.com"]
[Source "ChessBase"]
[SourceQuality "1"]
[TimeControl "5400+30"]

1. e4 e5 2. Nf3 Nc6 3. c3 Nf6 4. d4 Nxe4 5. d5 Ne7 6. Nxe5 Ng6 7. Bd3 Nc5 {[%emt 0:00:30] C44: Schottische Partie.} 8. Nxg6 hxg6 9. O-O Nxd3 10. Qxd3 Be7 11. Nd2 O-O 12. Nf3 d6 13. Nd4 Bd7 14. f4 Bf6 15. Be3 Re8 16. Bf2 c6 17. dxc6 bxc6 18. Bg3 Rb8 19. b3 c5 20. Nf3 Bb5 21. c4 Bxa1 $19 22. cxb5 Bf6 23. f5 Qb6 24. Qxd6 Qxd6 25. Bxd6 Rxb5 26. fxg6 fxg6 27. Rc1 Re2 28. Rxc5 Rxc5 29. Bxc5 Rxa2 30. b4 Kf7 31. Nd4 Bxd4+ 32. Bxd4 Ra4 33. Kf2 a5 34. Ke3 Rxb4 35. Kd3 a4 36. h3 a3 37. Bc3 a2 38. Kc2 Rc4 0-1

[Event "Catalan Youth Championship 2024"]
[Site "Cambrils"]
[Date "2024.03.24"]
[Round "3.7"]
[White "Perez Vidal, Ian"]
[Black "Gomez Kunz, Tarik Marti"]
[Result "1-0"]
[ECO "C41"]
[WhiteElo "1828"]
[BlackElo "1602"]
[Annotator "NA RC"]
[PlyCount "40"]
[EventDate "2024.03.13"]
[EventType "swiss"]
[EventCountry "ESP"]
[SourceTitle "playchess.com"]
[Source "ChessBase"]
[SourceQuality "1"]
[TimeControl "5400+30"]

1. e4 e5 2. Nf3 d6 3. d4 exd4 4. Nxd4 Nf6 5. Nc3 Be7 6. Bc4 O-O 7. O-O c6 8. Bg5 h6 9. Be3 Re8 10. f4 Bf8 11. Qf3 Nbd7 12. Qg3 (12. Bd3 $11 {remains equal.}) 12... Nxe4 13. Nxe4 d5 {[%emt 0:00:00] [#]} 14. Nf5 $14 g6 15. Ned6 Re6 16. Bd3 Bxd6 17. Nxd6 Rxd6 18. f5 Nf8 19. Bxh6 Kh7 20. Bxf8 Qxf8 1-0

[Event "Catalan Youth Championship 2024"]
[Site "Cambrils"]
[Date "2024.03.24"]
[Round "3.8"]
[White "Sahakyan, Aram A"]
[Black "Hijarrubia Alvarez-Cuevas, Gonzalo"]
[Result "0-1"]
[ECO "B45"]
[WhiteElo "1639"]
[BlackElo "1827"]
[Annotator "NA RC"]
[PlyCount "70"]
[EventDate "2024.03.13"]
[EventType "swiss"]
[EventCountry "ESP"]
[SourceTitle "playchess.com"]
[Source "ChessBase"]
[SourceQuality "1"]
[TimeControl "5400+30"]

1. e4 c5 2. Nf3 e6 3. d4 cxd4 4. Nxd4 Nf6 5. Nc3 Nc6 6. a3 d5 7. exd5 Nxd5 8. Nxd5 exd5 9. Be3 Be7 10. Bb5 Bd7 11. Qf3 Nxd4 12. Bxd7+ Qxd7 13. Bxd4 Qe6+ 14. Kd2 Bg5+ 15. Kd1 O-O 16. h4 Bd8 $11 17. Re1 Qc6 18. g3 Rc8 19. c3 Bb6 20. Qg4 Bxd4 21. Qxd4 Rfe8 22. Kd2 Re4 23. Qxa7 Qb5 24. b4 Qc4 25. Rxe4 Qxc3+ 26. Ke2 dxe4 27. Qxb7 Rd8 28. Qxe4 Qxa1 29. Qc2 Qxa3 30. b5 Re8+ 31. Kf1 Qb4 32. Qc6 Qe1+ 33. Kg2 Qe4+ 34. f3 Qxc6 35. bxc6 Rc8 0-1

[Event "Catalan Youth Championship 2024"]
[Site "Cambrils"]
[Date "2024.03.24"]
[Round "3.9"]
[White "Uber Gracia, Hugo"]
[Black "Dea Ruiz, Jofre"]
[Result "1-0"]
[ECO "A11"]
[WhiteElo "2237"]
[BlackElo "1836"]
[Annotator "RC"]
[PlyCount "81"]
[EventDate "2024.03.13"]
[EventType "swiss"]
[EventCountry "ESP"]
[SourceTitle "playchess.com"]
[Source "ChessBase"]
[SourceQuality "1"]
[TimeControl "5400+30"]

1. c4 c6 2. Nf3 d5 3. e3 Nf6 4. Nc3 dxc4 5. Bxc4 e6 6. O-O Bd6 7. d4 O-O 8. e4 Be7 9. Bf4 Nbd7 10. Qc2 Re8 11. Rad1 Qb6 12. Rd2 Nf8 13. h3 Ng6 14. Be3 Qc7 15. Rfd1 b5 16. Bb3 a6 17. a4 Rb8 18. axb5 axb5 19. Qd3 Ba6 20. Qb1 Red8 21. e5 Nd5 22. Ne4 Nxe3 23. fxe3 c5 24. Nxc5 Bxc5 25. Rc2 Qe7 26. Rxc5 Bb7 27. Rf1 Nh4 28. Nxh4 Qxh4 29. Qc2 Be4 30. Qe2 Qg3 31. Bc2 Bd5 32. Rf4 Qg5 33. Bd3 b4 34. Rc7 Rf8 35. Qf2 Qh5 36. Kh2 Ra8 37. Rh4 Qg5 38. Bxh7+ Kh8 39. Bg6+ Kg8 40. Bxf7+ Rxf7 41. Qxf7# 1-0

[Event "Catalan Youth Championship 2024"]
[Site "Cambrils"]
[Date "2024.03.24"]
[Round "3.10"]
[White "Miro Garcia, Julia"]
[Black "Prada Villagrasa, Pau Manel"]
[Result "0-1"]
[ECO "D41"]
[WhiteElo "1822"]
[BlackElo "2103"]
[Annotator "RC"]
[PlyCount "64"]
[EventDate "2024.03.13"]
[EventType "swiss"]
[EventCountry "ESP"]
[SourceTitle "playchess.com"]
[Source "ChessBase"]
[SourceQuality "1"]
[TimeControl "5400+30"]

1. d4 d5 2. c4 e6 3. Nc3 Nf6 4. cxd5 Nxd5 5. e4 Nxc3 6. bxc3 c5 7. Nf3 cxd4 8. cxd4 Bb4+ 9. Bd2 Bxd2+ 10. Qxd2 O-O 11. Bc4 Nd7 12. O-O b6 13. Rfe1 Bb7 14. Rad1 Rc8 15. Bd3 h6 16. Bb1 Qc7 17. Rc1 Qb8 18. Qe3 Rxc1 19. Rxc1 Rc8 20. Rc3 Nf6 21. Rxc8+ Qxc8 22. Ne1 a5 23. f3 b5 24. Bc2 b4 25. Qb3 Ba6 26. Bd3 Qc1 27. Kf1 a4 28. Qxb4 Bxd3+ 29. Kf2 Bc4 30. a3 Kh7 31. g4 Ba6 32. Qc5 Qd2+ 0-1

[Event "Catalan Youth Championship 2024"]
[Site "Cambrils"]
[Date "2024.03.24"]
[Round "3.11"]
[White "Herman Gamazo, Isaac"]
[Black "Marsal Calvet, Josep"]
[Result "1-0"]
[ECO "B12"]
[WhiteElo "2096"]
[BlackElo "1830"]
[Annotator "NA RC"]
[PlyCount "53"]
[EventDate "2024.03.13"]
[EventType "swiss"]
[EventCountry "ESP"]
[SourceTitle "playchess.com"]
[Source "ChessBase"]
[SourceQuality "1"]
[TimeControl "5400+30"]

1. e4 c6 2. d4 d5 3. e5 Bf5 4. h4 h5 5. Bd3 Bxd3 6. Qxd3 e6 7. Bg5 {[%emt 0:00:17] B12: Caro-Kann: Advance Variation.} Be7 8. Nf3 Qa5+ 9. Nbd2 Qa6 10. c4 Nd7 11. O-O Nb6 (11... Bxg5 $14 12. Nxg5 Ne7) 12. b3 O-O-O ({Better is} 12... Rd8 $14) 13. Bxe7 Nxe7 14. a4 dxc4 15. bxc4 c5 16. a5 Nd7 17. Ne4 Nf5 18. Qc3 ({Not} 18. Nxc5 Nxc5 19. Qc3 Nd7 $17 (19... Ne4 20. Qc2 $15)) (18. Rfb1 $18 {and White stays clearly on top.}) 18... Qc6 19. Nxc5 Nxc5 20. dxc5 Qxc5 21. Rfb1 Nd4 22. Nxd4 Qxd4 23. Qf3 $18 Qd7 24. a6 Qc6 25. axb7+ Kc7 26. b8=Q+ Rxb8 27. Rxa7+ 1-0

[Event "Catalan Youth Championship 2024"]
[Site "Cambrils"]
[Date "2024.03.24"]
[Round "3.12"]
[White "Escoriza Pons, Xavier"]
[Black "Roure Sola, Oriol"]
[Result "1-0"]
[ECO "A22"]
[WhiteElo "1941"]
[BlackElo "1821"]
[Annotator "RC"]
[PlyCount "101"]
[EventDate "2024.03.13"]
[EventType "swiss"]
[EventCountry "ESP"]
[SourceTitle "playchess.com"]
[Source "ChessBase"]
[SourceQuality "1"]
[TimeControl "5400+30"]

1. c4 e5 2. Nc3 Nc6 3. g3 Bc5 4. Bg2 Nf6 5. e3 a6 6. a3 d6 7. Nge2 O-O 8. O-O Ba7 9. d4 exd4 10. exd4 Bf5 11. h3 Qd7 12. Kh2 h6 13. b4 Rae8 14. Be3 Nd8 15. Nf4 c6 16. a4 g5 17. Nfe2 Ne4 18. b5 d5 19. cxd5 cxd5 20. Qb3 Nxc3 21. Nxc3 Be4 22. Nxd5 Bxd5 23. Qxd5 Re7 24. Qxd7 Rxd7 25. d5 Bb8 26. Bc5 Re8 27. Rfe1 Re5 28. Bd4 Rxe1 29. Rxe1 Kf8 30. bxa6 bxa6 31. Rb1 Rb7 32. Rxb7 Nxb7 33. Bf1 a5 34. Bb6 Bd6 35. Ba6 Bc5 36. Bc7 Bd6 37. Bxd6+ Nxd6 38. Bd3 Ke7 39. Kg2 Nc8 40. Bc4 Nb6 41. Bb3 Kd6 42. Kf3 f5 43. g4 fxg4+ 44. Kxg4 Nxd5 45. Bxd5 Kxd5 46. Kh5 Ke5 47. Kxh6 Kf6 48. Kh5 Kf5 49. f3 Kf6 50. Kg4 Kg6 51. f4 1-0

[Event "Catalan Youth Championship 2024"]
[Site "Cambrils"]
[Date "2024.03.24"]
[Round "3.13"]
[White "Mangues Rubia, Oriol"]
[Black "Salinas Tomas, Daniel"]
[Result "0-1"]
[ECO "B23"]
[WhiteElo "1963"]
[BlackElo "2386"]
[Annotator "RC"]
[PlyCount "80"]
[EventDate "2024.03.13"]
[EventType "swiss"]
[EventCountry "ESP"]
[SourceTitle "playchess.com"]
[Source "ChessBase"]
[SourceQuality "1"]
[TimeControl "5400+30"]

1. e4 c5 2. Nc3 Nc6 3. Bb5 Nd4 4. Nf3 a6 5. Bd3 g6 6. Nxd4 cxd4 7. Ne2 d5 8. c3 dxe4 9. Bxe4 dxc3 10. dxc3 Qxd1+ 11. Kxd1 Nf6 12. Bc2 Bd7 13. f3 Bg7 14. Ke1 O-O 15. Kf2 e5 16. Re1 Bc6 17. Ng3 Rfe8 18. Be3 Nd5 19. Bc5 b6 20. Ba3 f5 21. Bb3 Rad8 22. Rad1 Kh8 23. Bc4 b5 24. Bf1 h5 25. c4 Nf4 26. cxb5 axb5 27. Rd6 Rxd6 28. Bxd6 h4 29. Nh1 Re6 30. Bb8 Nd5 31. Rd1 e4 32. fxe4 fxe4 33. Bxb5 e3+ 34. Ke1 Bxb5 35. Rxd5 Bc6 36. Rg5 Bxb2 37. Bf4 h3 38. Ng3 Bc3+ 39. Kd1 Ba4+ 40. Ke2 hxg2 0-1

[Event "Catalan Youth Championship 2024"]
[Site "Cambrils"]
[Date "2024.03.24"]
[Round "3.14"]
[White "Sviridenko, Yaroslav"]
[Black "Aleksanyan Israilyan, Nicolas"]
[Result "1-0"]
[ECO "C48"]
[WhiteElo "1961"]
[BlackElo "2045"]
[Annotator "RC"]
[PlyCount "143"]
[EventDate "2024.03.13"]
[EventType "swiss"]
[EventCountry "ESP"]
[SourceTitle "playchess.com"]
[Source "ChessBase"]
[SourceQuality "1"]
[TimeControl "5400+30"]

1. e4 e5 2. Nf3 Nc6 3. Nc3 Nf6 4. Bb5 Nd4 5. O-O Be7 6. d3 O-O 7. Nxe5 d6 8. Nf3 Bg4 9. Be3 Nxf3+ 10. gxf3 Bh5 11. d4 Nd7 12. Be2 f5 13. Nd5 g5 14. f4 Bxe2 15. Qxe2 fxe4 16. Qg4 Nf6 17. Qe6+ Rf7 18. Nxe7+ Qxe7 19. Qxe7 Rxe7 20. fxg5 Nd5 21. Bd2 b5 22. Rfe1 Nb6 23. b3 Rf8 24. Re3 Ref7 25. Rf1 d5 26. Bb4 Rd8 27. f4 Rf5 28. Kg2 Rd7 29. Kg3 Rdf7 30. h4 Nc8 31. Rc3 Nd6 32. Bxd6 cxd6 33. Kg4 Rf8 34. h5 h6 35. g6 b4 36. Rc7 a5 37. Re7 R8f6 38. Rc7 Rf8 39. c3 R5f6 40. cxb4 axb4 41. f5 Re8 42. Rc2 Kg7 43. Rc7+ Kg8 44. Rfc1 Ref8 45. g7 R8f7 46. Rxf7 Rxf7 47. Rc6 Rxg7+ 48. Kf4 Rg5 49. Rxd6 Rxh5 50. Rxd5 Rh4+ 51. Ke3 Kf7 52. Rb5 Kf6 53. Rxb4 Kxf5 54. Rb5+ Ke6 55. a4 Kd6 56. a5 Kc6 57. Rb6+ Kd5 58. Rb5+ Kc6 59. Rc5+ Kb7 60. b4 Ka6 61. d5 Rh3+ 62. Kxe4 Rh4+ 63. Ke5 Rxb4 64. d6 Rb8 65. d7 Rd8 66. Ke6 h5 67. Ke7 Rh8 68. d8=Q Rxd8 69. Kxd8 h4 70. Rh5 h3 71. Rxh3 Kxa5 72. Rb3 1-0

[Event "Catalan Youth Championship 2024"]
[Site "Cambrils"]
[Date "2024.03.24"]
[Round "3.15"]
[White "Pinyol i Llora, Julia"]
[Black "Anguera Staina, Maxim"]
[Result "0-1"]
[ECO "E65"]
[WhiteElo "1950"]
[BlackElo "2020"]
[Annotator "RC"]
[PlyCount "108"]
[EventDate "2024.03.13"]
[EventType "swiss"]
[EventCountry "ESP"]
[SourceTitle "playchess.com"]
[Source "ChessBase"]
[SourceQuality "1"]
[TimeControl "5400+30"]

1. d4 Nf6 2. c4 g6 3. Nc3 Bg7 4. g3 O-O 5. Bg2 d6 6. Nf3 Nfd7 7. O-O c5 8. d5 Na6 9. e4 Nc7 10. Be3 Rb8 11. Qe2 a6 12. a4 b5 13. axb5 axb5 14. cxb5 Ne5 15. Nxe5 Bxe5 16. Ra3 Bxc3 17. Rxc3 Nxb5 18. Rcc1 Nd4 19. Bxd4 cxd4 20. Rfd1 Qb6 21. Qd3 Ba6 22. Qxd4 Qxd4 23. Rxd4 Rxb2 24. Bf1 Bxf1 25. Kxf1 Ra8 26. Kg2 Raa2 27. Rf1 Kg7 28. Rd3 g5 29. h3 h5 30. Rdd1 Kf6 31. Ra1 Ke5 32. Rxa2 Rxa2 33. Re1 Ra4 34. Kf3 g4+ 35. hxg4 Ra3+ 36. Kg2 hxg4 37. Re2 f6 38. Re1 Ra4 39. f4+ Kd4 40. Kf2 Ra2+ 41. Kf1 Ra3 42. Kf2 Rf3+ 43. Kg2 Re3 44. Ra1 Kxe4 45. Ra5 Re2+ 46. Kf1 Kf3 47. Ra4 Rf2+ 48. Ke1 Re2+ 49. Kf1 Re4 50. Ra3+ Re3 51. Ra2 Kxg3 52. Rg2+ Kxf4 53. Kf2 Ra3 54. Kg1 Rg3 0-1

[Event "Catalan Youth Championship 2024"]
[Site "Cambrils"]
[Date "2024.03.24"]
[Round "3.16"]
[White "Vila I Bague, Arnau"]
[Black "Fernandez Climent, Albert"]
[Result "0-1"]
[ECO "C11"]
[WhiteElo "1947"]
[BlackElo "1978"]
[Annotator "RC"]
[PlyCount "54"]
[EventDate "2024.03.13"]
[EventType "swiss"]
[EventCountry "ESP"]
[SourceTitle "playchess.com"]
[Source "ChessBase"]
[SourceQuality "1"]
[TimeControl "5400+30"]

1. e4 e6 2. d4 d5 3. Nc3 Nf6 4. e5 Nfd7 5. f4 c5 6. Nf3 Nc6 7. Be3 Be7 8. Qd2 O-O 9. dxc5 Qa5 10. O-O-O b6 11. Bb5 Nb4 12. a3 bxc5 13. axb4 cxb4 14. Nb1 Qxb5 15. Nd4 Qb7 16. Qd3 Nc5 17. Qb5 Qxb5 18. Nxb5 Bd7 19. Nd6 Bxd6 20. exd6 Rfc8 21. Nd2 Nb7 22. Nb3 a5 23. f5 a4 24. Nd4 e5 25. Nf3 Bxf5 26. Rd2 d4 27. Bxd4 exd4 0-1

[Event "Catalan Youth Championship 2024"]
[Site "Cambrils"]
[Date "2024.03.24"]
[Round "3.17"]
[White "Ano Pla, Gerard"]
[Black "Vinuesa Sorli, Ruben"]
[Result "1-0"]
[ECO "A36"]
[WhiteElo "2230"]
[BlackElo "1996"]
[Annotator "RC"]
[PlyCount "79"]
[EventDate "2024.03.13"]
[EventType "swiss"]
[EventCountry "ESP"]
[SourceTitle "playchess.com"]
[Source "ChessBase"]
[SourceQuality "1"]
[TimeControl "5400+30"]

1. c4 Nf6 2. Nc3 g6 3. e4 d6 4. g3 Bg7 5. Bg2 O-O 6. Nge2 e5 7. O-O c5 8. d3 Nc6 9. f4 a6 10. a4 Bd7 11. h3 Nd4 12. f5 b5 13. g4 b4 14. Nb1 Ne8 15. Nxd4 cxd4 16. a5 Rb8 17. Nd2 g5 18. Nf3 f6 19. Bd2 Qc7 20. b3 h6 21. Ne1 d5 22. exd5 Rf7 23. Nc2 Bf8 24. Qe1 Qc5 25. Be4 Bd6 26. h4 Rb7 27. Kg2 Rh7 28. Rh1 Bf8 29. Rh3 Qd6 30. Qh1 Qe7 31. Kf2 Qg7 32. Qf3 Qh8 33. d6 Nxd6 34. Bd5+ Kg7 35. Bxb7 Nxb7 36. Qxb7 Kg8 37. Qd5+ Rf7 38. Rah1 Qh7 39. c5 gxh4 40. Rxh4 1-0

[Event "Catalan Youth Championship 2024"]
[Site "Cambrils"]
[Date "2024.03.24"]
[Round "3.18"]
[White "Montero Olmos, Javier"]
[Black "Funes Ostos, Aitor"]
[Result "0-1"]
[ECO "B13"]
[WhiteElo "2001"]
[BlackElo "2125"]
[Annotator "RC"]
[PlyCount "52"]
[EventDate "2024.03.13"]
[EventType "swiss"]
[EventCountry "ESP"]
[SourceTitle "playchess.com"]
[Source "ChessBase"]
[SourceQuality "1"]
[TimeControl "5400+30"]

1. e4 c6 2. d4 d5 3. exd5 cxd5 4. Bd3 Nf6 5. c3 Bg4 6. Qb3 Qc7 7. h3 Bd7 8. Nf3 e6 9. O-O Bd6 10. Re1 Nc6 11. Qd1 h6 12. Qe2 O-O 13. Ne5 Nh7 14. Nd2 Nxe5 15. dxe5 Be7 16. Nf3 Qd8 17. Nd4 f5 18. exf6 Rxf6 19. Nf5 Bc5 20. Be3 Bf8 21. Ng3 e5 22. Nh5 Rc6 23. Bxh7+ Kxh7 24. Qd3+ Rg6 25. f4 Bxh3 26. g3 e4 0-1

[Event "Catalan Youth Championship 2024"]
[Site "Cambrils"]
[Date "2024.03.24"]
[Round "3.19"]
[White "Chiva Perez, Ferran"]
[Black "Creixans Comerma, Pol"]
[Result "0-1"]
[ECO "E11"]
[WhiteElo "2025"]
[BlackElo "1981"]
[Annotator "RC"]
[PlyCount "60"]
[EventDate "2024.03.13"]
[EventType "swiss"]
[EventCountry "ESP"]
[SourceTitle "playchess.com"]
[Source "ChessBase"]
[SourceQuality "1"]
[TimeControl "5400+30"]

1. d4 Nf6 2. c4 e6 3. g3 Bb4+ 4. Nd2 Nc6 5. Ngf3 O-O 6. Bg2 d6 7. O-O Bxd2 8. Qxd2 Qe7 9. b3 e5 10. d5 Nb8 11. Bb2 a5 12. c5 Ne4 13. cxd6 cxd6 14. Qc2 Nc5 15. Ne1 Nba6 16. Nd3 Bf5 17. Qd1 Rac8 18. Re1 Nxd3 19. exd3 Nb4 20. Be4 Bxe4 21. Rxe4 Nxd5 22. d4 f5 23. dxe5 fxe4 24. Qxd5+ Qf7 25. Qxf7+ Kxf7 26. exd6 Rc2 27. Ba3 b5 28. Rc1 Rxc1+ 29. Bxc1 Ke6 30. Bf4 Rc8 0-1

[Event "Catalan Youth Championship 2024"]
[Site "Cambrils"]
[Date "2024.03.24"]
[Round "3.20"]
[White "Broadbent Brun, Jensen"]
[Black "Valle Luis, Leo"]
[Result "0-1"]
[ECO "A67"]
[WhiteElo "1917"]
[BlackElo "2230"]
[Annotator "RC"]
[PlyCount "76"]
[EventDate "2024.03.13"]
[EventType "swiss"]
[EventCountry "ESP"]
[SourceTitle "playchess.com"]
[Source "ChessBase"]
[SourceQuality "1"]
[TimeControl "5400+30"]

1. d4 Nf6 2. c4 e6 3. Nc3 c5 4. d5 exd5 5. cxd5 d6 6. e4 g6 7. f4 Bg7 8. Bb5+ Nfd7 9. a4 O-O 10. Nf3 Na6 11. O-O Nb4 12. Re1 a6 13. Bf1 Re8 14. Qb3 Nf8 15. h3 Rb8 16. Na2 Nxa2 17. Rxa2 b5 18. axb5 axb5 19. Bd2 Nd7 20. Qc2 Nf6 21. b4 Rxe4 22. Rxe4 Bf5 23. Ng5 Nxe4 24. Bd3 Bd4+ 25. Kh2 Nxd2 26. Qxd2 Bxd3 27. Qxd3 Qf6 28. g3 Qf5 29. Qxf5 gxf5 30. bxc5 b4 31. Rd2 dxc5 32. Nf3 Bc3 33. Rd1 b3 34. d6 b2 35. d7 Rd8 36. Nh4 Rxd7 37. Rb1 Rd2+ 38. Kh1 Rc2 0-1

[Event "Catalan Youth Championship 2024"]
[Site "Cambrils"]
[Date "2024.03.24"]
[Round "3.21"]
[White "Serrano Batova, Vicent"]
[Black "Navajas Alvarez, Josep"]
[Result "1-0"]
[ECO "D05"]
[WhiteElo "2104"]
[BlackElo "1989"]
[Annotator "RC"]
[PlyCount "69"]
[EventDate "2024.03.13"]
[EventType "swiss"]
[EventCountry "ESP"]
[SourceTitle "playchess.com"]
[Source "ChessBase"]
[SourceQuality "1"]
[TimeControl "5400+30"]

1. d4 d5 2. Nf3 Nf6 3. e3 e6 4. Bd3 b6 5. Nbd2 Bb7 6. O-O Bd6 7. b3 O-O 8. Bb2 c5 9. Ne5 Nc6 10. a3 Rc8 11. Qf3 Ne7 12. dxc5 bxc5 13. Qh3 Bxe5 14. Bxe5 Ng6 15. Bb2 Ne4 16. Bxe4 dxe4 17. Rfd1 Qc7 18. Nc4 Rcd8 19. Qg3 Qxg3 20. hxg3 Ne7 21. Na5 Ba6 22. c4 f6 23. b4 cxb4 24. axb4 e5 25. b5 Bc8 26. Ba3 Rxd1+ 27. Rxd1 Kf7 28. Bxe7 Kxe7 29. Nc6+ Kf7 30. Nxa7 Be6 31. c5 Rb8 32. b6 Ke8 33. Nc6 Rb7 34. Rd8+ Kf7 35. Na5 1-0

[Event "Catalan Youth Championship 2024"]
[Site "Cambrils"]
[Date "2024.03.24"]
[Round "3.22"]
[White "Jurado Coderch, Heribert"]
[Black "Gomez Navais, Marcal"]
[Result "0-1"]
[ECO "B90"]
[WhiteElo "1960"]
[BlackElo "2086"]
[Annotator "RC"]
[PlyCount "78"]
[EventDate "2024.03.13"]
[EventType "swiss"]
[EventCountry "ESP"]
[SourceTitle "playchess.com"]
[Source "ChessBase"]
[SourceQuality "1"]
[TimeControl "5400+30"]

1. e4 c5 2. Nf3 d6 3. d4 cxd4 4. Nxd4 Nf6 5. Nc3 a6 6. Be3 e5 7. Nb3 Be6 8. f3 Be7 9. Qd2 h5 10. Nd5 Nxd5 11. exd5 Bf5 12. Be2 Nd7 13. O-O O-O 14. c4 Nf6 15. Rac1 Re8 16. Rfd1 e4 17. f4 Bg4 18. Nd4 Bxe2 19. Qxe2 Ng4 20. Nf5 Bf6 21. Bd4 g6 22. Ne3 Bxd4 23. Rxd4 Qf6 24. Rdd1 Qxf4 25. Nxg4 hxg4 26. c5 dxc5 27. Rxc5 Rad8 28. b4 g3 29. hxg3 Qxg3 30. Rd4 e3 31. Rd3 Re4 32. a3 Rde8 33. Rcc3 Rh4 34. Rxe3 Qh2+ 35. Kf2 Rf4+ 36. Ke1 Qg1+ 37. Kd2 Rxe3 38. Qxe3 Qxg2+ 39. Kd3 Rf3 0-1

[Event "Catalan Youth Championship 2024"]
[Site "Cambrils"]
[Date "2024.03.24"]
[Round "3.23"]
[White "Rocamora Martorell, Ferran"]
[Black "Gabanach Fernandez, Victor"]
[Result "1-0"]
[ECO "E09"]
[WhiteElo "2118"]
[BlackElo "1848"]
[Annotator "RC"]
[PlyCount "119"]
[EventDate "2024.03.13"]
[EventType "swiss"]
[EventCountry "ESP"]
[SourceTitle "playchess.com"]
[Source "ChessBase"]
[SourceQuality "1"]
[TimeControl "5400+30"]

1. Nf3 Nf6 2. c4 e6 3. g3 d5 4. Bg2 Be7 5. O-O O-O 6. d4 c6 7. Qc2 Nbd7 8. Rd1 b6 9. b3 Bb7 10. Nbd2 c5 11. Bb2 Qc7 12. Rac1 Rac8 13. Qb1 Qb8 14. Qa1 Qa8 15. Ne5 Rfd8 16. cxd5 Bxd5 17. Bxd5 Nxd5 18. Nxd7 Rxd7 19. dxc5 Bxc5 20. Nc4 b5 21. e4 bxc4 22. exd5 Rxd5 23. Rxc4 Rcd8 24. Rxd5 Qxd5 25. Qc1 Qf3 26. Bd4 Bxd4 27. Rxd4 Qf6 28. Rxd8+ Qxd8 29. Qc5 Qd7 30. b4 Qd1+ 31. Kg2 h5 32. h4 Qa4 33. Qc8+ Kh7 34. Qc4 g6 35. Qf4 Kg8 36. Qd2 Kg7 37. Qc3+ Kg8 38. a3 Qd1 39. Qc6 Qd4 40. Qf3 Kg7 41. Qb3 Qe4+ 42. Kg1 Qe1+ 43. Kg2 Qe4+ 44. Qf3 Qd4 45. Qb7 Kf6 46. Qb8 Kg7 47. Qb7 Kf6 48. Qf3+ Kg7 49. Qb3 Qe4+ 50. Kh2 Kg8 51. a4 Qe1 52. Kg2 Qe4+ 53. Qf3 Qxb4 54. Qa8+ Kg7 55. Qxa7 Qe4+ 56. Kg1 Qe1+ 57. Kh2 Qe5 58. a5 g5 59. a6 Kg6 60. Qe3 1-0

[Event "Catalan Youth Championship 2024"]
[Site "Cambrils"]
[Date "2024.03.25"]
[Round "4.1"]
[White "Caballero Mogilnikov, Liam"]
[Black "Madorran Gomez, Marcel"]
[Result "1-0"]
[ECO "B21"]
[WhiteElo "1659"]
[BlackElo "1530"]
[Annotator "NA RC"]
[PlyCount "33"]
[EventDate "2024.03.13"]
[EventType "swiss"]
[EventCountry "ESP"]
[SourceTitle "playchess.com"]
[Source "ChessBase"]
[SourceQuality "1"]
[TimeControl "5400+30"]

1. e4 c5 2. d4 cxd4 3. c3 dxc3 4. Nxc3 Nc6 5. Bc4 e5 6. Be3 Nf6 7. a3 b6 8. Nf3 h6 9. h3 Bb7 10. b4 a6 11. Qb3 Qe7 12. Bxb6 d6 13. Rd1 Qd7 14. Qa2 Nd8 15. Bxd8 Rxd8 16. Nxe5 Qe7 17. Bxf7+ 1-0